[Event "Titled Tuesday Blitz November 08 Early 2022"]
[White "Kowalczyk, Pawel"]
[Black "Antonova, Nadezhda"]
[WhiteFideId "1130641"]
[BlackFideId "14700182"]
[WhiteElo "2324"]
[BlackElo "1813"]
[Result "1/2-1/2"]
[Round "02"]
[TimeControl "180+1"]
[Date "2022.11.09"]
[WhiteClock "0:01:51"]
[BlackClock "0:01:05"]

1. e4 c5 2. Ne2 d6 3. g3 g6 4. Bg2 Bg7 5. O-O e6 6. c3 Nc6 7. d4 cxd4 8. cxd4 Nge7 9. d5 exd5 10. exd5 Ne5 11. Nbc3 O-O 12. h3 b6 13. f4 Nd7 14. Nd4 Bb7 15. Nc6 Bxc6 16. dxc6 Nc5 17. c7 Qxc7 18. Bxa8 Rxa8 19. Qf3 Rc8 20. Be3 Nf5 21. Nd5 Qd7 22. b4 Nxe3 23. Qxe3 Ne6 24. Rac1 Bd4 25. Rxc8+ Kg7 26. Qxd4+ Nxd4 27. Rc4 Qxh3 28. Rxd4 Qxg3+ 29. Kh1 Qh3+ 30. Kg1 Qg3+ 31. Kh1 Qh3+ 32. Kg1 Qg3+ 1/2-1/2


[Site "https://www.chess.com"]

[Event "Titled Tuesday Blitz November 08 Early 2022"]
[White "Kozak, Antoni"]
[Black "Gonzalez, Francisco Silva"]
[WhiteFideId "21832030"]
[BlackFideId "1512285"]
[WhiteElo "2447"]
[BlackElo "2159"]
[Result "1-0"]
[Round "02"]
[TimeControl "180+1"]
[Date "2022.11.09"]
[WhiteClock "0:00:10"]
[BlackClock "0:01:10"]

1. Nf3 d5 2. g3 g6 3. Bg2 Bg7 4. O-O e5 5. d3 Nc6 6. e4 Nge7 7. Nc3 O-O 8. exd5 Nxd5 9. Bd2 Nb6 10. Re1 h6 11. Rb1 a5 12. Nb5 a4 13. Bc3 Re8 14. d4 exd4 15. Rxe8+ Qxe8 16. Nxc7 Qd8 17. Nxa8 Nxa8 18. Bd2 Bf5 19. h4 Be6 20. a3 Nb6 21. Bf4 Nc4 22. Nd2 N6a5 23. Nxc4 Bxc4 24. Qd2 Kh7 25. Re1 b5 26. Be4 d3 27. cxd3 Nb3 28. Qd1 Bd5 29. h5 Bxb2 30. hxg6+ fxg6 31. Qg4 Bxe4 32. Rxe4 h5 33. Qe2 Bf6 34. Be5 Nc1 35. Qe3 Bg5 36. f4 Nxd3 37. fxg5 Qd5 38. Qa7+ Qb7 39. Qxb7+ 1-0


[Site "https://www.chess.com"]

[Event "Titled Tuesday Blitz November 08 Early 2022"]
[White "Kravtsiv, Martyn"]
[Black "Lucas, Arthur"]
[WhiteFideId "14113147"]
[BlackFideId "26093073"]
[WhiteElo "2694"]
[BlackElo "2251"]
[Result "1-0"]
[Round "02"]
[TimeControl "180+1"]
[Date "2022.11.09"]
[WhiteClock "0:01:13"]
[BlackClock "0:01:09"]

1. e4 e5 2. Nf3 Nf6 3. Nc3 Nc6 4. a4 g6 5. Bc4 Bg7 6. d3 O-O 7. h3 d6 8. Be3 h6 9. O-O Nh5 10. Qd2 Kh7 11. d4 f5 12. exf5 gxf5 13. dxe5 f4 14. Bd4 Nxd4 15. Qxd4 dxe5 16. Qxd8 Rxd8 17. Bd3+ Rxd3 18. cxd3 Bf5 19. Ne4 Rd8 20. Rfd1 Rd4 21. Nxd4 1-0


[Site "https://www.chess.com"]

[Event "Titled Tuesday Blitz November 08 Early 2022"]
[White "Krzyzanowski, Marcin"]
[Black "Reprintsev, Alexander"]
[WhiteFideId "1132199"]
[BlackFideId "14100541"]
[WhiteElo "2435"]
[BlackElo "2230"]
[Result "1-0"]
[Round "02"]
[TimeControl "180+1"]
[Date "2022.11.09"]
[WhiteClock "0:00:38"]
[BlackClock "0:00:07"]

1. Nf3 d5 2. c4 dxc4 3. e3 Nc6 4. Bxc4 e5 5. d4 exd4 6. O-O Be7 7. exd4 Nf6 8. d5 Nb8 9. Nc3 O-O 10. h3 Nbd7 11. Bf4 a6 12. Rc1 b5 13. Bd3 Bd6 14. Bxd6 cxd6 15. Bb1 Bb7 16. Nd4 Qb6 17. Nf5 Rae8 18. Qf3 Re5 19. Qg3 g6 20. Kh1 Nxd5 21. f4 Rxf5 22. Bxf5 Nxc3 23. bxc3 Nc5 24. Bb1 Qc6 25. f5 Ne4 26. Bxe4 Qxe4 27. Rce1 Qd5 28. Rf2 a5 29. Qh4 Qd3 30. f6 h5 31. Kh2 Qxc3 32. Rfe2 Kh7 33. Re7 Bd5 34. Qg5 Bxa2 35. Re8 Rxe8 36. Rxe8 1-0


[Site "https://www.chess.com"]

[Event "Titled Tuesday Blitz November 08 Early 2022"]
[White "Kuchava, Ana"]
[Black "Khandelwal, Ankush"]
[WhiteFideId "13605348"]
[BlackFideId "413470"]
[WhiteElo "2001"]
[BlackElo "2271"]
[Result "1/2-1/2"]
[Round "02"]
[TimeControl "180+1"]
[Date "2022.11.09"]
[WhiteClock "0:00:12"]
[BlackClock "0:00:58"]

1. d4 Nf6 2. c4 g6 3. Nc3 Bg7 4. Nf3 O-O 5. e4 d6 6. Be2 Na6 7. O-O e5 8. Re1 exd4 9. Nxd4 Re8 10. f3 Nh5 11. Be3 Be5 12. Bf2 Nf4 13. Bg3 Qf6 14. Nc2 Nxe2+ 15. Qxe2 Bxg3 16. hxg3 c6 17. Rad1 Nc5 18. Qd2 Rd8 19. b4 Ne6 20. Qe3 a5 21. a3 axb4 22. axb4 b5 23. cxb5 cxb5 24. Nxb5 Ra2 25. Ncd4 Qe5 26. f4 Qh5 27. Nxe6 Bxe6 28. Rxd6 Rxd6 29. Nxd6 Bh3 30. gxh3 Qxh3 31. Re2 Ra1+ 32. Re1 Ra2 33. Re2 Ra1+ 34. Re1 Ra2 1/2-1/2


[Site "https://www.chess.com"]

[Event "Titled Tuesday Blitz November 08 Early 2022"]
[White "Kuznetsova, Olga"]
[Black "Rose, Felix"]
[WhiteFideId "4191323"]
[BlackFideId "5105722"]
[WhiteElo "2134"]
[BlackElo "2039"]
[Result "1-0"]
[Round "02"]
[TimeControl "180+1"]
[Date "2022.11.09"]
[WhiteClock "0:00:54"]
[BlackClock "0:00:14"]

1. d4 d5 2. Bf4 Nf6 3. e3 e6 4. Nd2 Bd6 5. Bg3 O-O 6. Bd3 b6 7. f4 c5 8. c3 Ba6 9. Bc2 cxd4 10. exd4 Nc6 11. Ngf3 Qc7 12. Ne5 Rac8 13. Rc1 Ne7 14. Bh4 Ne8 15. Qf3 f6 16. Qh3 Nf5 17. g4 fxe5 18. gxf5 e4 19. fxe6 Rxf4 20. Rg1 Rf8 21. Nxe4 dxe4 22. Bxe4 Nf6 23. Bxf6 Rxf6 24. Qxh7+ Kf8 25. Qh8+ Ke7 26. Rxg7+ Kxe6 27. Qh3+ 1-0


[Site "https://www.chess.com"]

[Event "Titled Tuesday Blitz November 08 Early 2022"]
[White "Lakshmi C"]
[Black "Khamdamova, Afruza"]
[WhiteFideId "25035347"]
[BlackFideId "14210444"]
[WhiteElo "1865"]
[BlackElo "2018"]
[Result "0-1"]
[Round "02"]
[TimeControl "180+1"]
[Date "2022.11.09"]
[WhiteClock "0:00:01"]
[BlackClock "0:00:07"]

1. e4 e5 2. Nf3 Nf6 3. d4 Nxe4 4. Nxe5 d5 5. Bd3 Nd7 6. Nf3 Bd6 7. h3 O-O 8. O-O Ndf6 9. c4 c6 10. Nc3 Bf5 11. Re1 Re8 12. Qc2 Bg6 13. cxd5 cxd5 14. Bg5 Rc8 15. Rad1 Nxg5 16. Nxg5 Bf4 17. Rxe8+ Qxe8 18. Bxg6 hxg6 19. Nf3 Ne4 20. Qb3 Nxc3 21. bxc3 Qc6 22. Rb1 b6 23. g3 Bd6 24. Ne5 Bxe5 25. dxe5 Qxc3 26. Qxd5 Re8 27. Qd7 Rxe5 28. Qxa7 b5 29. Qb8+ Kh7 30. Qb6 Qd3 31. Rf1 Re2 32. Qa5 Qc4 33. a3 Qb3 34. Qb4 Qxb4 35. axb4 Rb2 36. Rd1 Rxb4 37. Kf1 Rb2 38. Kg2 g5 39. Rd5 Kg6 40. Kf3 f6 41. h4 gxh4 42. gxh4 Rb4 43. Kg3 Rb3+ 44. f3 Kf7 45. Kg4 g6 46. h5 f5+ 47. Kf4 Rb4+ 48. Kg5 gxh5 49. Rxf5+ Kg7 50. Kxh5 Rb1 51. Rc5 b4 52. Rb5 b3 53. Kg5 Rg1+ 54. Kf5 Rb1 55. f4 b2 56. Rb7+ Kg8 0-1


[Site "https://www.chess.com"]

[Event "Titled Tuesday Blitz November 08 Early 2022"]
[White "Lawson, Eric"]
[Black "Koziorowicz, Michal"]
[WhiteFideId "2604116"]
[BlackFideId "21809194"]
[WhiteElo "2505"]
[BlackElo "2174"]
[Result "1-0"]
[Round "02"]
[TimeControl "180+1"]
[Date "2022.11.09"]
[WhiteClock "0:01:49"]
[BlackClock "0:01:39"]

1. e4 c6 2. d4 Qb6 3. e5 d6 4. f4 dxe5 5. fxe5 Bf5 6. Nf3 e6 7. Be2 c5 8. c3 Nc6 9. Na3 cxd4 10. Nc4 Qc7 11. Nxd4 Nxe5 12. Nxf5 exf5 13. Nxe5 Qxe5 14. Qa4+ Kd8 15. Bf4 Qe4 16. O-O-O+ Ke7 17. Bg5+ f6 18. Qd7# 1-0


[Site "https://www.chess.com"]

[Event "Titled Tuesday Blitz November 08 Early 2022"]
[White "Lazavik, Denis"]
[Black "Terzi, Alexei"]
[WhiteFideId "13515110"]
[BlackFideId "13505076"]
[WhiteElo "2483"]
[BlackElo "2172"]
[Result "1-0"]
[Round "02"]
[TimeControl "180+1"]
[Date "2022.11.08"]
[WhiteClock "0:00:20"]
[BlackClock "0:00:05"]

1. d4 Nf6 2. c4 e6 3. Nf3 d5 4. Nc3 Be7 5. Bg5 O-O 6. e3 Nbd7 7. Qc2 c6 8. Rc1 a6 9. a3 dxc4 10. Bxc4 b5 11. Bd3 c5 12. Bxf6 Nxf6 13. dxc5 Bxc5 14. Ne4 Be7 15. Nxf6+ Bxf6 16. Bxh7+ Kh8 17. Be4 Ra7 18. O-O Rd7 19. Rfd1 Rxd1+ 20. Rxd1 Qb6 21. h3 b4 22. Nd2 bxa3 23. bxa3 Rd8 24. Nc4 Rxd1+ 25. Qxd1 Qc5 26. Nd6 Kg8 27. a4 g6 28. g3 Be7 29. Nxc8 Qxc8 30. Kg2 a5 31. h4 Qc5 32. Qd7 Kg7 33. Bf3 Qd6 34. Qb5 Qc5 35. Qb2+ Bf6 36. Qd2 Bc3 37. Qd1 Bb4 38. h5 gxh5 39. Bxh5 Qd5+ 40. Qxd5 exd5 41. Bf3 d4 42. exd4 Bc3 43. d5 Kf6 44. Bh5 Ke7 45. f4 f6 46. Kf3 Kd6 47. Ke4 Bb2 48. g4 Bc1 49. Bf7 Ke7 50. Be6 Ba3 51. Kf5 Bb4 52. Kg6 Bc3 53. Bc8 Bd2 54. Kf5 Bb4 55. Bb7 Bd6 56. Bc6 Bb4 57. g5 fxg5 58. fxg5 Bc3 59. Kg6 Bd4 60. Kh7 Be5 61. g6 Kf8 62. Bb5 Ke7 63. g7 1-0


[Site "https://www.chess.com"]

[Event "Titled Tuesday Blitz November 08 Early 2022"]
[White "Levitan, Caleb Levi"]
[Black "Steen, Bobby"]
[WhiteFideId "14332620"]
[BlackFideId "2053870"]
[WhiteElo "1963"]
[BlackElo "2140"]
[Result "1-0"]
[Round "02"]
[TimeControl "180+1"]
[Date "2022.11.09"]
[WhiteClock "0:00:20"]
[BlackClock "0:01:09"]

1. e4 c5 2. Nf3 d6 3. d4 cxd4 4. Nxd4 Nf6 5. Nc3 a6 6. Bc4 e6 7. Bb3 Nbd7 8. Bg5 Nc5 9. f4 Be7 10. Qf3 Qc7 11. O-O b5 12. Rae1 Bb7 13. Bd5 b4 14. Bxb7 Qxb7 15. Nd1 Ncxe4 16. Bxf6 Bxf6 17. Rxe4 d5 18. Ree1 Bxd4+ 19. Kh1 O-O 20. f5 e5 21. c3 e4 22. Qg3 Bf6 23. Ne3 bxc3 24. Ng4 Bd4 25. bxc3 h5 26. cxd4 hxg4 27. f6 g6 28. Qh4 1-0


[Site "https://www.chess.com"]

[Event "Titled Tuesday Blitz November 08 Early 2022"]
[White "Lewtak, Damian"]
[Black "Wirig, Anthony"]
[WhiteFideId "1141724"]
[BlackFideId "615013"]
[WhiteElo "2329"]
[BlackElo "2487"]
[Result "1/2-1/2"]
[Round "02"]
[TimeControl "180+1"]
[Date "2022.11.09"]
[WhiteClock "0:00:04"]
[BlackClock "0:00:08"]

1. b3 d5 2. Bb2 Bg4 3. g3 Nf6 4. Bg2 e6 5. Nf3 Nbd7 6. d3 c6 7. h3 Bxf3 8. Bxf3 Bd6 9. Nd2 O-O 10. Bg2 a5 11. a4 Be5 12. d4 Bd6 13. O-O e5 14. e4 dxe4 15. Nxe4 Nxe4 16. Bxe4 exd4 17. Bxd4 Nf6 18. Bf3 Bc7 19. Kg2 Re8 20. Bc3 Qxd1 21. Raxd1 Be5 22. Bd2 h6 23. Be3 Bc3 24. Rd3 Bb4 25. Rfd1 Re7 26. Rd8+ Re8 27. Rxa8 Rxa8 28. Bb6 Re8 29. Rd3 Re5 30. h4 g5 31. hxg5 hxg5 32. Rd8+ Re8 33. Rxe8+ Nxe8 34. Bg4 Nd6 35. Kf1 f5 36. Bh3 g4 37. Bg2 Kf7 38. Ke2 Ke6 39. Kd3 Be1 40. Ke2 Bb4 41. Kd3 Be1 42. Ke2 Nc8 43. Bd8 Kd7 44. Kxe1 Kxd8 45. Kd2 Ke7 46. Ke3 Ke6 47. Kd4 Kd6 48. Bf1 Ne7 49. Bd3 Ke6 50. Kc5 Nc8 51. c3 Ke5 52. b4 axb4 53. cxb4 Ke6 54. a5 Ke5 55. Bc2 f4 56. Bd3 f3 57. Bc2 Ke6 58. Bd3 Ke5 59. Bg6 Ne7 60. Bh5 Kf5 61. Kb6 Nd5+ 62. Kxb7 Nxb4 63. a6 Nxa6 64. Kxa6 Kg5 65. Bf7 Kf5 66. Kb6 Ke4 67. Bh5 Kd3 68. Bxg4 Ke2 69. Bh5 Kxf2 70. Bxf3 Kxf3 71. Kxc6 Kxg3 1/2-1/2


[Site "https://www.chess.com"]

[Event "Titled Tuesday Blitz November 08 Early 2022"]
[White "Lorenzo De La Riva, Lazaro"]
[Black "Nugumanov, Bakhtiyar"]
[WhiteFideId "2268809"]
[BlackFideId "13701797"]
[WhiteElo "2294"]
[BlackElo "2287"]
[Result "0-1"]
[Round "02"]
[TimeControl "180+1"]
[Date "2022.11.09"]
[WhiteClock "0:00:28"]
[BlackClock "0:00:14"]

1. e4 d6 2. d4 Nf6 3. Nc3 g6 4. Nf3 Bg7 5. Bc4 O-O 6. h3 Nxe4 7. Bxf7+ Rxf7 8. Nxe4 Bf5 9. Ng3 Bd7 10. O-O Nc6 11. d5 Ne5 12. Nxe5 Bxe5 13. f4 Bg7 14. Be3 c6 15. Bd4 Bh6 16. f5 cxd5 17. fxg6 Rxf1+ 18. Qxf1 hxg6 19. Qd3 Kh7 20. Rf1 Qg8 21. Nh5 Rf8 22. Re1 e5 23. Bxa7 Bf5 24. Qb5 gxh5 25. Bf2 Be4 26. g3 Qf7 27. Qe2 Qf3 28. Qxf3 Rxf3 29. Kf1 Bxc2 30. Ke2 Rf7 31. Be3 Bxe3 32. Kxe3 Be4 33. Rc1 Kg6 34. g4 hxg4 35. hxg4 Rf3+ 36. Ke2 Rg3 37. Rb1 Bxb1 38. a4 Rxg4 39. b4 Rxb4 40. a5 Ra4 41. a6 Rxa6 42. Ke3 b5 43. Kd2 Rc6 44. Ke3 b4 45. Kd2 b3 46. Ke3 Bf5 47. Kd2 d4 48. Kd1 b2 49. Ke2 b1=Q 50. Kf3 Qd1+ 51. Kg3 Rc3+ 52. Kh2 Qe2+ 53. Kg1 Rc1# 0-1


[Site "https://www.chess.com"]

[Event "Titled Tuesday Blitz November 08 Early 2022"]
[White "Luberanski, Jakub"]
[Black "Soto Hernandez, Henry"]
[WhiteFideId "21830509"]
[BlackFideId "3507475"]
[WhiteElo "2109"]
[BlackElo "2477"]
[Result "1-0"]
[Round "02"]
[TimeControl "180+1"]
[Date "2022.11.09"]
[WhiteClock "0:00:07"]
[BlackClock "0:00:02"]

1. Nf3 Nf6 2. g3 d5 3. Bg2 c6 4. O-O Bg4 5. d3 Nbd7 6. Nbd2 e5 7. e4 dxe4 8. dxe4 Be7 9. h3 Bh5 10. b3 O-O 11. Bb2 Qc7 12. Qe2 b5 13. a4 a6 14. c4 b4 15. c5 Bxc5 16. g4 Bg6 17. Rac1 Rfe8 18. Rc2 Bd6 19. Nh4 c5 20. Nf5 Bf8 21. Nc4 Nb8 22. Nxe5 Rxe5 23. Bxe5 Qxe5 24. f4 Qe8 25. e5 Ra7 26. exf6 Qxe2 27. Rxe2 gxf6 28. Re8 Nd7 29. Rd1 c4 30. bxc4 Bxf5 31. gxf5 Kg7 32. Bd5 b3 33. Kf2 Bc5+ 34. Kf3 b2 35. Rb1 Bd4 36. Ke4 Bc3 37. Kd3 Bb4 38. Rxb2 Nc5+ 39. Kc2 a5 40. Rb1 Nxa4 41. Rg1+ Kh6 42. Rh8 Nc5 43. Ra8 Rxa8 44. Bxa8 a4 45. Bd5 a3 46. Bxf7 Ne4 47. Kb3 Bc5 48. Re1 Nd2+ 49. Ka2 Nxc4 50. Bxc4 1-0


[Site "https://www.chess.com"]

[Event "Titled Tuesday Blitz November 08 Early 2022"]
[White "Makhmudov, Shukhrat"]
[Black "Ladan, Nicholas"]
[WhiteFideId "14200775"]
[BlackFideId "30918855"]
[WhiteElo "2135"]
[BlackElo "2167"]
[Result "0-1"]
[Round "02"]
[TimeControl "180+1"]
[Date "2022.11.09"]
[WhiteClock "0:00:12"]
[BlackClock "0:00:26"]

1. e4 e5 2. Nf3 Nc6 3. Bb5 a6 4. Ba4 g6 5. Bxc6 dxc6 6. d3 Bg7 7. h3 Ne7 8. O-O O-O 9. Bg5 h6 10. Be3 f5 11. Bc5 b6 12. Ba3 c5 13. Nbd2 a5 14. b3 f4 15. Nh2 Nc6 16. Nc4 Nd4 17. Bb2 f3 18. Bxd4 fxg2 19. Bxe5 gxf1=Q+ 20. Qxf1 Bxe5 21. Nxe5 Qg5+ 22. Neg4 h5 23. h4 Qxh4 24. Ne3 Bh3 25. Qe2 Rf7 26. f3 Raf8 27. Ng2 Qg3 28. Rf1 a4 29. Rf2 axb3 30. cxb3 Kh7 31. Kh1 Bxg2+ 32. Rxg2 Qh3 33. Kg1 Qd7 34. Qe3 Qd4 35. Qxd4 cxd4 36. Rc2 c5 37. b4 Rc7 38. a4 Ra8 39. a5 bxa5 40. bxc5 a4 41. f4 a3 42. Ra2 Rxc5 43. Nf3 Rc3 44. Nxd4 Rxd3 45. Nb5 Rb3 46. Nd4 Rb2 47. Ra1 a2 48. f5 Rb1+ 0-1


[Site "https://www.chess.com"]

[Event "Titled Tuesday Blitz November 08 Early 2022"]
[White "Manelyuk, Daniil"]
[Black "Farmani Anosheh, Armin"]
[WhiteFideId "44173920"]
[BlackFideId "24613240"]
[WhiteElo "2209"]
[BlackElo "2289"]
[Result "1-0"]
[Round "02"]
[TimeControl "180+1"]
[Date "2022.11.09"]
[WhiteClock "0:00:15"]
[BlackClock "0:00:22"]

1. e4 c5 2. Nf3 d6 3. d4 cxd4 4. Nxd4 Nf6 5. Nc3 Nc6 6. f3 e5 7. Nb3 Be7 8. Be3 Be6 9. Qd2 d5 10. exd5 Nxd5 11. Nxd5 Qxd5 12. Qxd5 Bxd5 13. O-O-O O-O-O 14. Be2 Kb8 15. c3 Rd7 16. Kc2 Rhd8 17. Rd2 Be6 18. Rhd1 Rxd2+ 19. Rxd2 Rxd2+ 20. Nxd2 Kc7 21. b3 f5 22. Nc4 Bf6 23. f4 e4 24. h3 g6 25. g4 b5 26. Nd2 b4 27. gxf5 gxf5 28. Nb1 a5 29. a3 bxc3 30. Nxc3 Kb7 31. Nb5 Be7 32. Bc4 Bxc4 33. bxc4 a4 34. Kc3 Ka6 35. Kb2 Ka5 36. Nc3 Bf6 37. Kc2 Bxc3 38. Kxc3 Ka6 39. c5 Kb5 40. Bf2 Nb8 41. Kd4 Kc6 42. Ke5 Na6 43. Kxf5 Nxc5 44. Bxc5 Kxc5 45. Kxe4 Kc4 46. f5 Kb3 47. f6 Kxa3 48. f7 Kb2 49. f8=Q a3 50. Qb4+ Ka2 51. Kd3 h5 52. Kc2 h4 53. Qb1# 1-0


[Site "https://www.chess.com"]

[Event "Titled Tuesday Blitz November 08 Early 2022"]
[White "Manukyan, Sargis A."]
[Black "Bok, Benjamin"]
[WhiteFideId "13303970"]
[BlackFideId "1017063"]
[WhiteElo "2187"]
[BlackElo "2658"]
[Result "0-1"]
[Round "02"]
[TimeControl "180+1"]
[Date "2022.11.09"]
[WhiteClock "0:00:03"]
[BlackClock "0:00:07"]

1. d4 Nf6 2. c4 e6 3. Nc3 Bb4 4. e3 O-O 5. Ne2 d5 6. a3 Be7 7. c5 b6 8. b4 a5 9. Bd2 axb4 10. axb4 Rxa1 11. Qxa1 Nc6 12. Qa3 bxc5 13. dxc5 d4 14. Nxd4 Nxd4 15. exd4 Qxd4 16. Be3 Qg4 17. f3 Qg6 18. Kf2 Qf5 19. h3 Nh5 20. h4 Qe5 21. Ne4 f5 22. Qc3 Qxc3 23. Nxc3 f4 24. Bc1 Ng3 25. Rg1 Bxh4 26. Ke1 Ne4+ 27. g3 Bxg3+ 28. Rxg3 Nxg3 29. Bc4 g5 30. b5 Kf7 31. c6 Rd8 32. Ba3 h5 33. Bc5 h4 34. Bg1 h3 35. Bh2 Kf6 36. Bxg3 fxg3 37. Ne4+ Ke5 38. Nxg3 h2 39. Bf1 Kf4 40. Nh5+ Kxf3 41. Be2+ Ke3 42. Ng3 Rh8 43. Nh1 e5 44. b6 cxb6 45. c7 Rh7 46. Bg4 Bxg4 47. Ng3 Rxc7 48. Nf1+ Kf4 49. Kf2 Rc2+ 50. Ke1 Re2+ 51. Kd1 h1=Q 52. Kc1 Qxf1# 0-1


[Site "https://www.chess.com"]

[Event "Titled Tuesday Blitz November 08 Early 2022"]
[White "Martin, Lewis"]
[Black "Potapova, Margarita"]
[WhiteFideId "410551"]
[BlackFideId "14126869"]
[WhiteElo "2145"]
[BlackElo "2272"]
[Result "1-0"]
[Round "02"]
[TimeControl "180+1"]
[Date "2022.11.09"]
[WhiteClock "0:00:13"]
[BlackClock "0:00:04"]

1. e4 e5 2. Nf3 Nc6 3. Bb5 Nf6 4. d3 Bc5 5. O-O Nd4 6. Nxd4 Bxd4 7. c3 Bb6 8. Re1 O-O 9. Nd2 d5 10. exd5 Qxd5 11. Bc4 Qd6 12. Nf1 Bg4 13. Qb3 Bf5 14. Bg5 Bxd3 15. Bxd3 Qxd3 16. Bxf6 gxf6 17. Rad1 Qg6 18. c4 Rad8 19. Ng3 Kh8 20. c5 Bxc5 21. Qxb7 Bb6 22. Qf3 Bd4 23. Re4 Rg8 24. Rde1 c5 25. Nf5 Qg5 26. Rh4 Rg6 27. Qh3 Kg8 28. Ne7+ Kf8 29. Nxg6+ hxg6 30. Rh8+ Ke7 31. Rxd8 Kxd8 32. Qh8+ Ke7 33. Qh3 Qd2 34. Rf1 Qxb2 35. Qb3 Qd2 36. Qb7+ Ke6 37. Qxa7 c4 38. Qa6+ Kd5 39. Qb5+ Bc5 40. Qd7+ Bd6 41. Qxf7+ Kd4 42. Qxg6 c3 43. Qxf6 Bc5 44. Qd8+ Kc4 45. Qg8+ Kd4 46. Qg4+ e4 47. Rd1 Bb4 48. Rxd2+ cxd2 49. Qd1 Kd3 50. h4 Bc5 51. Kf1 e3 52. fxe3 Bxe3 53. h5 Bh6 54. g4 Bg5 55. Kf2 Bh6 56. Kf3 Bg5 57. Kg3 Bh6 58. Kh4 Bf4 59. g5 1-0


[Site "https://www.chess.com"]

[Event "Titled Tuesday Blitz November 08 Early 2022"]
[White "Martinez Alcantara, Jose Eduardo"]
[Black "Ernst, Sipke"]
[WhiteFideId "3805662"]
[BlackFideId "1004689"]
[WhiteElo "2705"]
[BlackElo "2436"]
[Result "1-0"]
[Round "02"]
[TimeControl "180+1"]
[Date "2022.11.08"]
[WhiteClock "0:00:41"]
[BlackClock "0:00:01"]

1. e4 e5 2. Nf3 Nc6 3. Bb5 a6 4. Ba4 Nf6 5. O-O Nxe4 6. d4 b5 7. Bb3 d5 8. dxe5 Be6 9. Qe2 Be7 10. Be3 O-O 11. c3 Qd7 12. Nbd2 Nxd2 13. Bxd2 Bg4 14. Rfe1 Nd8 15. h3 Bh5 16. Rad1 Ne6 17. Bc1 c6 18. Bc2 Bg6 19. Nh2 Rae8 20. Ng4 Bc5 21. Kh1 Bb6 22. f4 Nc5 23. Be3 h5 24. Nh2 Bxc2 25. Qxc2 f5 26. Nf3 Qc7 27. Bxc5 Bxc5 28. Nd4 g6 29. b4 Bb6 30. Rd3 c5 31. bxc5 Qxc5 32. Qd1 Qc4 33. Ree3 h4 34. g3 Bxd4 35. Rxd4 Qxa2 36. gxh4 Re6 37. Rg3 Kf7 38. Rxd5 Qc4 39. Rd7+ Kg8 40. Qd2 a5 41. h5 Qe4+ 42. Kh2 a4 43. Rd6 1-0


[Site "https://www.chess.com"]

[Event "Titled Tuesday Blitz November 08 Early 2022"]
[White "Melikhov, Evgeny V."]
[Black "Vaibhav Jayant Raut"]
[WhiteFideId "4122046"]
[BlackFideId "5089034"]
[WhiteElo "2169"]
[BlackElo "2147"]
[Result "0-1"]
[Round "02"]
[TimeControl "180+1"]
[Date "2022.11.09"]
[WhiteClock "0:00:51"]
[BlackClock "0:00:42"]

1. d4 Nf6 2. c4 e6 3. Nc3 Bb4 4. Qc2 O-O 5. e4 d5 6. e5 Ne4 7. Bd3 f5 8. exf6 Qxf6 9. Nf3 Nc6 10. O-O Nxd4 11. Nxd4 Qxd4 12. Nxe4 dxe4 13. Bxe4 h6 14. Be3 Qe5 15. c5 c6 16. Rad1 Ba5 17. Bd4 Qh5 18. Bh7+ Kh8 19. Bg6 Qg5 20. Rd3 Qxg6 21. Qd1 Bc7 22. Rh3 e5 23. Be3 Bxh3 0-1


[Site "https://www.chess.com"]

[Event "Titled Tuesday Blitz November 08 Early 2022"]
[White "Mesa Cruz, Juan Carlos"]
[Black "D`Arruda, Ricardo D."]
[WhiteFideId "6423400"]
[BlackFideId "100692"]
[WhiteElo "2059"]
[BlackElo "2479"]
[Result "0-1"]
[Round "02"]
[TimeControl "180+1"]
[Date "2022.11.09"]
[WhiteClock "0:00:03"]
[BlackClock "0:00:43"]

1. e4 c5 2. Nf3 Nc6 3. d4 cxd4 4. Nxd4 e5 5. Nb5 a6 6. Nd6+ Bxd6 7. Qxd6 Qe7 8. Qxe7+ Ngxe7 9. Nc3 Nb4 10. Bd3 d5 11. exd5 Bf5 12. O-O Bxd3 13. cxd3 O-O-O 14. Be3 Nexd5 15. Nxd5 Rxd5 16. Rac1+ Kd7 17. Bb6 Rc8 18. Rxc8 Kxc8 19. Rc1+ Nc6 20. Rc3 Rb5 21. Rb3 Rxb3 22. axb3 Nb4 23. d4 e4 24. Ba5 Nd5 25. Kf1 f5 26. Ke2 Kd7 27. f3 Nf4+ 28. Kf2 Nd5 29. fxe4 fxe4 30. Bd2 Ke6 31. g4 Nf6 32. h3 Kd5 33. Ke3 Nd7 34. Bc3 Nb8 35. h4 Nc6 36. h5 b5 37. b4 Ne7 38. Kf4 Ng8 39. g5 Ne7 40. Kg4 g6 41. hxg6 hxg6 42. Kf4 Nf5 0-1


[Site "https://www.chess.com"]

[Event "Titled Tuesday Blitz November 08 Early 2022"]
[White "Mills, Morgen"]
[Black "Korelskiy, Egor"]
[WhiteFideId "2013304"]
[BlackFideId "34329064"]
[WhiteElo "2272"]
[BlackElo "2043"]
[Result "0-1"]
[Round "02"]
[TimeControl "180+1"]
[Date "2022.11.09"]
[WhiteClock "0:01:35"]
[BlackClock "0:01:07"]

1. e4 c5 2. Nf3 e6 3. c3 d5 4. exd5 exd5 5. d4 Nf6 6. Be2 Nc6 7. O-O Be7 8. dxc5 Bxc5 9. Re1 Be6 10. Ng5 O-O 11. b4 Bb6 12. a4 h6 13. Nxe6 fxe6 14. Bf3 Ne4 15. Be3 Bxe3 16. Rxe3 Ng5 17. Nd2 Qf6 18. Qe2 d4 19. Ne4 Nxe4 20. Rxe4 dxc3 21. Rxe6 Nd4 22. Rxf6 Nxe2+ 23. Bxe2 Rxf6 24. Bc4+ Kh8 25. Rc1 Rc8 26. Bd5 Rd6 27. Bxb7 c2 28. Bf3 Rcd8 0-1


[Site "https://www.chess.com"]

[Event "Titled Tuesday Blitz November 08 Early 2022"]
[White "Mitrabha, Guha"]
[Black "Kodinets, Konstantin L."]
[WhiteFideId "5057000"]
[BlackFideId "4122011"]
[WhiteElo "2526"]
[BlackElo "2447"]
[Result "0-1"]
[Round "02"]
[TimeControl "180+1"]
[Date "2022.11.08"]
[WhiteClock "0:00:26"]
[BlackClock "0:00:20"]

1. d4 d6 2. e4 Nf6 3. Nc3 e5 4. Nf3 exd4 5. Nxd4 Be7 6. h3 O-O 7. Be3 Re8 8. Bd3 Nbd7 9. Qd2 Bf8 10. O-O-O Nc5 11. f3 Nxd3+ 12. Qxd3 c6 13. Kb1 Nd7 14. g4 Qc7 15. Nf5 Ne5 16. Qe2 b5 17. Qf2 Be6 18. Nd4 b4 19. Nce2 Qa5 20. Nxe6 fxe6 21. Nc1 Nc4 22. Qe2 Qb5 23. Rhe1 e5 24. Nb3 a5 25. Nd2 Nxd2+ 26. Rxd2 Qxe2 27. Rexe2 a4 28. Kc1 Kf7 29. Kd1 Ke6 30. Re1 Be7 31. Ke2 d5 32. exd5+ cxd5 33. Kf1 Bh4 34. Ree2 Kd6 35. Kg2 d4 36. Bg1 Bg5 37. Rd1 Bf4 38. c3 bxc3 39. bxc3 Kd5 40. cxd4 e4 41. fxe4+ Rxe4 42. Rc2 Bd6 43. Rb1 Ra5 44. Kf3 Re7 45. Be3 Rf7+ 46. Ke2 Re7 47. Kd3 Rf7 48. Rcb2 Rf3 49. Rb5+ Rxb5 50. Rxb5+ Kc6 51. Rf5 Rxh3 52. d5+ Kb5 53. Ke4 Rh4 54. Kf3 Rh3+ 55. Ke4 Rh4 56. Kf3 Rh3+ 57. Ke2 Rh2+ 58. Bf2 Bc5 59. d6 Rxf2+ 60. Rxf2 Bxf2 61. Kxf2 Kc6 62. Ke3 Kxd6 63. Kd4 h6 64. a3 g6 65. Kc4 h5 66. gxh5 gxh5 67. Kd4 h4 68. Ke4 h3 69. Kf3 Kd5 70. Kg3 Kc4 71. Kxh3 Kb3 72. Kg3 Kxa3 73. Kf3 Kb2 74. Ke2 a3 75. Kd1 a2 0-1


[Site "https://www.chess.com"]

[Event "Titled Tuesday Blitz November 08 Early 2022"]
[White "Moaataz, Ayah"]
[Black "Nurmanova, Alua"]
[WhiteFideId "10615873"]
[BlackFideId "13729390"]
[WhiteElo "1993"]
[BlackElo "2120"]
[Result "1-0"]
[Round "02"]
[TimeControl "180+1"]
[Date "2022.11.09"]
[WhiteClock "0:00:10"]
[BlackClock "0:00:05"]

1. c4 Nf6 2. g3 g6 3. Bg2 Bg7 4. Nf3 O-O 5. O-O d5 6. d4 Nc6 7. c5 Ne4 8. Nc3 Bf5 9. Bf4 h6 10. Nb5 Rc8 11. h4 Re8 12. Qc1 Kh7 13. Rd1 b6 14. b4 Nxb4 15. Nxa7 Ra8 16. Nb5 Na6 17. cxb6 cxb6 18. Qc6 Rc8 19. Qb7 Nb4 20. Nc7 Rf8 21. Qxb6 Rb8 22. Qa7 Nc6 23. Qa4 Bd7 24. Rac1 Nxd4 25. Qxd4 Bxd4 26. Nxd4 Rb6 27. Nxd5 Nd6 28. e4 Ra6 29. e5 Nf5 30. Nxf5 gxf5 31. Nc7 Ra7 32. e6 fxe6 33. Nxe6 Qe8 34. Nc7 Qc8 35. Nd5 Qe8 36. Re1 Ba4 37. Rc7 Rf7 38. Rxa7 Bc6 39. Raxe7 1-0


[Site "https://www.chess.com"]